Map: Void Training Stage 1

Players

Ratl - Winner!

  • Race: Zerg Zerg
  • Spawn Location: 5:00

Player 2

  • Race: Terran Terran
  • Spawn Location: 11:00

VOD

Have the link to the VOD?

Description

Time

  • Played on: Oct. 28, 2019, 8:45 a.m.
  • Length: 10:04
Show
View Real Time Build Order
Export as new Build Order

Ratl Zerg - Winner!

Build Orders: Pool First 

Get SALT Encoding   

  12  0:18  Drone  
  12  0:19  Drone  
  14  0:23  Overlord  
  14  0:42  Drone  
  15  0:44  Drone  
  16  1:17  Drone  
  16  1:18  Drone  
  18  1:26  Drone  
  19  1:38  Drone  
  20  1:48  Spawning Pool  
  19  2:00  Hatchery, Extractor  
  17  2:05  Extractor  
  17  2:07  Overlord x2  
  16  2:11  Drone  
  17  2:30  Drone x2  
  19  2:48  Zergling x2  
  20  3:00  Roach Warren  
  20  3:01  Zergling x2  
  20  3:04  Zergling x2  
  21  3:17  Metabolic Boost  
  21  3:23  Drone  
  22  3:28  Drone x2  
  22  3:31  Queen  
  26  3:40  Roach  
  28  3:41  Drone  
  28  3:43  Queen  
  31  3:49  Drone  
  32  4:03  Drone x3  
  35  4:20  Drone  
  36  4:34  Drone x3  
  39  5:01  Drone x5  
  44  5:14  Overlord  
  44  5:16  Baneling Nest  
  44  5:17  Overlord  
  43  5:22  Zergling x2  
  43  5:45  Zergling x6  
  46  5:56  Drone x3  
  49  6:15  Overlord  
  49  6:16  Overlord  
  50  6:18  Drone x2  
  50  6:19  Drone  
  50  6:24  Hatchery  
  51  6:26  Roach x2  
  55  6:54  Zergling x6  
  58  6:55  Extractor  
  57  7:19  Drone x4  
  57  7:20  Drone x2  
  61  7:46  Drone  
  62  7:58  Drone x5  
  67  8:01  Zergling x8  
  71  8:15  Extractor  
  70  8:25  Extractor  
  69  8:29  Zergling x4, Extractor  
  69  8:30  Zergling x2  
  71  8:41  Drone x3  
  74  8:47  Overlord x3  
  74  9:08  Drone x2  
  77  9:17  Zergling x6  
  79  9:24  Zergling x2  
  79  9:25  Zergling x4  
Show
View Real Time Build Order
Export as new Build Order

Player 2 Terran 

Build Orders:  

Get SALT Encoding   

  12  0:00  SCV  
  13  0:13  SCV  
  14  0:19  Supply Depot  
  14  0:37  Refinery  
  14  0:42  Barracks  
  14  1:03  Supply Depot  
  14  1:13  SCV  
  15  1:25  SCV  
  16  1:29  Marine  
  17  1:37  SCV  
  18  1:48  Reaper  
  18  1:49  SCV  
  20  2:01  SCV  
  21  2:13  SCV  
  22  2:26  Orbital Command  
  22  4:28  SCV  
  22  4:29  Marine  
  22  4:30  Refinery  
  24  4:40  SCV  
  25  4:46  Supply Depot  
  25  5:04  Marine  
  26  5:08  SCV  
  27  5:20  SCV  
  28  5:22  Supply Depot  
  28  5:32  SCV  
  28  5:40  Marine  
  28  5:56  Command Center  
  28  5:59  Barracks Tech Lab  
  28  6:20  Marauder  
  30  7:08  SCV  
  31  7:16  SCV  
  31  7:20  Refinery  
  32  7:23  SCV  
  32  7:26  Marine  
  31  7:30  SCV  
  31  7:36  Refinery  
  30  7:37  SCV  
  31  7:45  SCV  
  32  7:52  SCV  
  32  7:56  Marauder  
  35  7:59  SCV  
  36  8:06  SCV  
  37  8:13  SCV  
  38  8:20  SCV  
  38  8:24  Marauder  
  41  8:27  SCV  
  42  8:35  SCV  
  43  8:42  SCV  
  44  8:49  SCV  
  44  8:53  Marauder  
  33  9:03  SCV  
  33  9:07  Supply Depot  
  33  9:16  SCV  
  34  9:18  Marine  
  35  9:28  SCV  
  36  9:36  Marine  
  37  9:40  SCV  
Tags
 
Add a new tag
Caveats
  • Supply blocks, unpowered buildings, or Contaminate may cause inaccurate times.
  • Supply counts are checked every 10 seconds.